 Dungeon Sprint DCSS version 0.23.2-1-ga50397a (webtiles) character file.

Game seed: 15492397014530855390

4 wilfster70 the Digger (level 1, -3/18 HPs)
             Began as a Gargoyle Earth Elementalist on May 23, 2019.
             Killed by divine providence
             ... invoked by an orc priest
              (12 damage)
             ... in the Dungeon (Sprint IX: "|||||||||||||||||||||||||||||").
             The game lasted 00:00:49 (328 turns).

wilfster70 the Digger (Gargoyle Earth Elementalist)  Turns: 328, Time: 00:00:49

Health: -3/18      AC:  4    Str: 16    XL:     1   Next: 70%
Magic:  3/3        EV: 12    Int: 15    God:
Gold:   0          SH:  0    Dex: 10    Spells: 3/4 levels left

rFire    . . .     SeeInvis .   a - +0 short sword
rCold    . . .     Gourm    .   (no shield)
rNeg     + . .     Faith    .   c - +0 robe
rPois    ∞         Spirit   .   (no helmet)
rElec    +         Reflect  .   (no cloak)
rCorr    .         Harm     .   (no gloves)
MR       .....     NoTele   +   (no boots)
Stlth    ..........             (no amulet)
HPRegen  0.06/turn              (no ring)
MPRegen  0.08/turn              (no ring)

@: berserking, very quick
A: negative energy resistance 1, electricity resistance, unbreathing,
petrification resistance, rot immunity, AC +2
a: no special abilities


You were in the Dungeon.
You were not hungry.

You visited 1 branch

Inventory:

Hand Weapons
 a - a +0 short sword (weapon)
Missiles
 b - 25 stones (quivered)
Armour
 c - a +0 robe (worn)
Scrolls
 j - a scroll of blinking
Potions
 e - a potion of curing
 f - a potion of heal wounds
 g - a potion of haste
 h - 2 potions of magic
Comestibles
 d - a ration


   Skills:
 + Level 1.4 Fighting
 + Level 1.5 Armour
 - Level 1.5 Dodging
 - Level 2.1 Stealth
 + Level 2.4 Spellcasting
   Level 0.7 Transmutations
 + Level 4.1 Earth Magic


You had 3 spell levels left.
You knew the following spells:

 Your Spells              Type           Power        Failure   Level  Hunger
a - Sandblast             Erth           ##....       3%          1    #......

Your spell library contained the following spells:

 Spells                   Type           Power        Failure   Level  Hunger
 Passwall                 Tmut/Erth      #.......     12%         2    ###....
 Stone Arrow              Conj/Erth      #.....       26%         3    ###....
 Petrify                  Tmut/Erth      #.......     61%         4    #####..
 Lee's Rapid Deconstruct  Erth           ##........   71%         5    ######.


Dungeon Overview and Level Annotations

Branches:
Dungeon (1/1)

Altars:


Innate Abilities, Weirdness & Mutations

You are resistant to torment.
Your stone body is resilient. (AC +2)
You are immune to poison.
You resist negative energy. (rN+)
You are resistant to electric shocks. (rElec)
You can survive without breathing.
You are immune to petrification.
You are immune to rotting.


Message History

You see here a +0 dagger.
There is an open door to the Dungeon here.
You see here a +0 short sword.
a - a +0 short sword
a - a +0 short sword (weapon)
You see here a +0 club.
You open the door.
A jackal, a sky beast, an orc priest, an ogre and a phantom come into view.
The ogre shouts!
The jackal barks!
The orc priest shouts!
A red film seems to cover your vision as you go berserk!
You feel yourself moving faster!
You feel mighty! The ogre hits you with a +0 giant club!
Ouch! That really hurt!
The phantom blinks!
You barely miss the ogre.
The sky beast flickers out of sight!
Deactivating autopickup; reactivate with Ctrl-A.
The orc priest mumbles some strange prayers to Beogh against you.
Beogh smites you!
Ouch! That really hurt!
You die... ▓▓▓▓▓▓▓▓▓▓▓▓▓▓▓▓▓▓ ▓<.).'.)..@Oh{oW.+ ▓▓▓▓▓▓▓▓▓▓▓▓▓▓▓▓▓▓

You could see a phantom, an ogre, an orc priest and a jackal.

Vanquished Creatures
  A hobgoblin (D)
  A jackal (D)
  2 kobolds (D)
  A rat (D)
5 creatures vanquished.

Notes
Turn   | Place    | Note
-------+----------+-------------------------------------------
     0 | D        | wilfster70 the Gargoyle Earth Elementalist began the quest
                  | for the Orb.
     0 | D        | Reached XP level 1. HP: 10/10 MP: 3/3
    16 | D        | Reached skill level 1 in Fighting
    16 | D        | Reached skill level 1 in Armour
    26 | D        | Reached skill level 4 in Earth Magic
   326 | D        | Noticed an ogre
   326 | D        | Noticed a sky beast
   326 | D        | Noticed an orc priest
   326 | D        | Noticed a phantom
   328 | D        | Killed from afar by an orc priest

Skill      XL: |  1 |
---------------+----+-----
Fighting       | 1 |  1.4
Armour         | 1 |  1.5
Earth Magic    | 4 |  4.1
Dodging        | |  1.5
Stealth        | |  2.1
Spellcasting   | |  2.4
Transmutations | |  0.7

Action                   || total
-------------------------++-------
Melee: Unarmed           ||    40
       Short sword       ||     1
 Cast: Sandblast         ||     5
  Use: Potion            ||     1
Armor: Robe              ||    13
Dodge: Dodged            ||    24
